 Dungeon Crawl Stone Soup version 0.18.1-48-g4cf74bf (webtiles) character file.

100 Alarkh the Vandal (level 4, 0/33 HPs)
             Began as a Mummy Hunter on Aug 6, 2016.
             Slain by an adder (2 damage)
             ... on level 2 of the Dungeon.
             The game lasted 00:02:37 (1388 turns).

Alarkh the Vandal (Mummy Hunter)                    Turns: 1388, Time: 00:02:38

Health: 0/33       AC:  3    Str: 15    XL:     4   Next: 47%
Magic:  4/4        EV: 11    Int: 11    God:
Gold:   101        SH:  0    Dex: 12    Spells: 0 memorised, 3 levels left

rFire  x . .     SeeInvis .     a - +1 hunting sling
rCold  + . .     Gourm    .     c - +0 leather armour
rNeg   + + +     Faith    .     (no shield)
rPois  ∞         Spirit   .     (no helmet)
rElec  .         Dismiss  .     (no cloak)
rCorr  .         Reflect  .     (no gloves)
SustAt .         Harm     .     (no boots)
MR     .....                    (no amulet)
Stlth  +.........               (no ring)
                                (no ring)

@: not resistant to hostile enchantments, very unstealthy
A: no food or potions, fire vulnerability, cold resistance 1, negative energy
resistance 3, torment resistance, unbreathing
a: no special abilities


You were on level 2 of the Dungeon.
You were not hungry.

You visited 1 branch of the dungeon, and saw 2 of its levels.

You collected 101 gold pieces.

Inventory:

Hand Weapons
 a - a +1 hunting sling (weapon)
 b - a +0 short sword
Missiles
 d - 7 sling bullets (quivered)
 e - 14 stones
Armour
 c - a +0 leather armour (worn)
Scrolls
 f - 2 scrolls of fear {unknown}
 g - 2 scrolls of teleportation {unknown}
 h - a scroll of blinking {unknown}
 i - 5 scrolls of identify {unknown}
 j - a scroll of remove curse {unknown}
 k - a scroll of enchant armour {unknown}


   Skills:
 - Level 2.0 Fighting
 + Level 4.9 Slings
 - Level 1.5 Dodging
 - Level 0.7 Stealth


You had 3 spell levels left.
You didn't know any spells.

Dungeon Overview and Level Annotations

Branches:
Dungeon (2/15)

Altars:
Dithmenos
Qazlal
Vehumet


Innate Abilities, Weirdness & Mutations

You do not eat or drink.
Your flesh is vulnerable to fire.
You are immune to poison.
Your flesh is cold resistant.
You are immune to negative energy.
You are immune to unholy pain and torment.
You can survive without breathing.


Message History

The sling bullet hits the adder but does no damage.
The adder is heavily wounded.
The adder bites you.
* * * LOW HITPOINT WARNING * * *
The adder closely misses you.
Firing (i - inventory. (,) - cycle):
d - 9 sling bullets (quivered)
Press: ? - help, Shift-Dir - straight line, f/p - adder
Aim: an adder (heavily wounded)
You shoot a sling bullet.
The sling bullet hits the adder but does no damage.
The adder is heavily wounded.
The adder bites you.
* * * LOW HITPOINT WARNING * * *
Firing (i - inventory. (,) - cycle):
d - 8 sling bullets (quivered)
Press: ? - help, Shift-Dir - straight line, f/p - adder
Aim: an adder (heavily wounded)
You shoot a sling bullet.
The sling bullet closely misses the adder.
The adder bites you.
You die...

(...... #.. .(.$... #..
(...... #.........#..
....... #.........#).
....(.. #.........#..
....... #.........#..
......(######............
.......S.................
.......#@.............##.
#+######..............##.
#........#.#....).
#........#.#......
#........#.##.(...
#........#.##.....
#........#.##...[.
######..###.##.....
#...........##.....


You could see an adder.

Vanquished Creatures
  Terence (D:2)
  4 adders (D:2)
  4 worms (D:2)
  A giant gecko (D:2)
  A giant cockroach (D:1)
  3 goblins (D:1)
  4 hobgoblins
  A quokka (D:2)
  3 bats
  2 giant newts
  2 kobolds
  4 rats
30 creatures vanquished.

Notes
Turn   | Place    | Note
--------------------------------------------------------------
     0 | D:1      | Alarkh the Mummy Hunter began the quest for the Orb.
     0 | D:1      | Reached XP level 1. HP: 16/16 MP: 1/1
   290 | D:1      | Reached XP level 2. HP: 22/22 MP: 2/2
   845 | D:2      | Found a stormy altar of Qazlal.
   886 | D:2      | Found a radiant altar of Vehumet.
   924 | D:2      | Reached skill level 4 in Slings
   952 | D:2      | Reached XP level 3. HP: 27/27 MP: 3/3
  1109 | D:2      | Noticed Terence
  1118 | D:2      | Killed Terence
  1118 | D:2      | Reached XP level 4. HP: 23/33 MP: 4/4
  1276 | D:2      | Found a shadowy altar of Dithmenos.
  1388 | D:2      | Slain by an adder

Skill      XL: |  1  2 |
---------------+-------+-----
Slings         | 4 |  4.9
Fighting       | |  2.0
Dodging        | |  1.5
Stealth        | |  0.7

Action                   |  1- 3 |  4- 6 || total
-------------------------+-------+-------++-------
 Fire: Hunting sling     |    77 |    57 ||   134
Armor: Leather armour    |     8 |     1 ||     9
Dodge: Dodged            |    12 |    16 ||    28
